 Dungeon Crawl Stone Soup version 0.27-a0-1149-g4505690ab0 (webtiles) character file.

Game seed: 11618738000887066917

5474 Sobieck the Slicer (level 11, -1/71 HPs)
             Began as a Kobold Berserker on May 12, 2021.
             Was a High Priest of Trog.
             Slain by Erolcha
             ... wielding a +2 spectral giant club
              (9 damage)
             ... on level 9 of the Dungeon.
             The game lasted 00:23:53 (12653 turns).

Sobieck the Slicer (Kobold Berserker)              Turns: 12653, Time: 00:23:53

Health: -1/71      AC: 28    Str: 18    XL:     11   Next: 0%
Magic:  11/11      EV:  8    Int:  8    God:    Trog [*****.]
Gold:   665        SH:  9    Dex: 15    Spells: 10/10 levels left

rFire    . . .     SeeInvis .   a - +5 short sword {short}
rCold    . . .     Faith    +   R - +0 kite shield
rNeg     . . .     Spirit   .   o - +15 Maxwell's patent armour {-Cast -Tele rElec Will+ rCorr}
rPois    .         Reflect  .   O - +0 hat
rElec    +         Harm     .   (no cloak)
rCorr    +         Rampage  .   t - +0 pair of gloves
Will     +....     NoTele   +   (no boots) Stlth ..........NoCast +
                                u - amulet of faith {!P}
HPRegen  0.21/turn              (no ring)
MPRegen  0.12/turn              (no ring)

@: on berserk cooldown, slowed, very slow
A: small, no large weapons, nightstalker 3
a: Renounce Religion, Berserk, Trog's Hand, Brothers in Arms


You were on level 9 of the Dungeon.
You worshipped Trog.
Trog was extremely pleased with you.
You visited 1 branch of the dungeon, and saw 9 of its levels.
You also visited: Ossuary.

You collected 665 gold pieces.


Innate Abilities, Weirdness & Mutations

You are small and have problems with some larger weapons.
You are completely attuned to the shadows.


   Skills:
 + Level 9.2 Fighting
 + Level 10.9 Short Blades
 + Level 5.6 Armour
 - Level 8.0 Dodging
 - Level 7.1 Stealth
 + Level 2.6 Shields


You had 10 spell levels left.
You didn't know any spells.
Your spell library contained the following spells:

 Spells                   Type           Power      Damage    Failure   Level
 Animate Skeleton         Necr           0%         N/A       100%        1
 Apportation              Tloc           0%         N/A       100%        1
 Corona                   Hex            0%         N/A       100%        1
 Magic Dart               Conj           0%         1d3       100%        1
 Summon Small Mammal      Summ           0%         N/A       100%        1
 Blink                    Tloc           N/A        N/A       100%        2
 Call Imp                 Summ           0%         N/A       100%        2
 Ensorcelled Hibernation  Hex/Ice        0%         N/A       100%        2
 Passwall                 Tmut/Erth      0%         N/A       100%        2
 Slow                     Hex            0%         N/A       100%        2
 Call Canine Familiar     Summ           0%         N/A       100%        3
 Confusing Touch          Hex            0%         N/A       100%        3
 Conjure Flame            Conj/Fire      0%         6-21      100%        3
 Dazzling Flash           Conj/Hex       0%         N/A       100%        3
 Gell's Gravitas          Tloc           0%         N/A       100%        3
 Mephitic Cloud           Conj/Pois/Air  0%         N/A       100%        3
 Summon Guardian Golem    Hex/Summ       0%         N/A       100%        3
 Swiftness                Air            0%         N/A       100%        3
 Tukima's Dance           Hex            0%         N/A       100%        3
 Passage of Golubria      Tloc           N/A        N/A       100%        4
 Petrify                  Tmut/Erth      0%         N/A       100%        4
 Summon Ice Beast         Ice/Summ       0%         N/A       100%        4
 Summon Lightning Spire   Summ/Air       0%         N/A       100%        4
 Lee's Rapid Deconstruct  Erth           0%         3d5*      100%        5
 Metabolic Englaciation   Hex/Ice        0%         N/A       100%        5
 Yara's Violent Unravell  Hex/Tmut       0%         3d3       100%        5
 Invisibility             Hex            0%         N/A       100%        6

Inventory:

Hand Weapons
 a - a +5 short sword (weapon) {short}
   (You took it off a wight on level 8 of the Dungeon)
 h - a +2 hand axe of freezing {axe}
   (You took it off an orc on level 9 of the Dungeon)
 P - a +2 antimagic dagger {short}
   (Trog gifted it to you on level 7 of the Dungeon)
Missiles
 e - 172 stones {throwing}
 i - 3 boomerangs {throwing}
 j - 129 sling bullets
 l - 21 poisoned darts {throwing}
 w - 111 arrows
 N - 22 bolts
 X - 2 throwing nets {=f!fthrowing}
 Z - a curare-tipped dart {=fthrowing}
Armour
 o - the +15 Maxwell's patent armour (worn) {-Cast -Tele rElec Will+ rCorr}
   (You acquired it in an ossuary)

   It insulates you from electricity.
   It prevents spellcasting.
   It prevents most forms of teleportation.
   It protects you from acid and corrosion.
   It increases your willpower.
 p - the +2 robe of Gozag's Supremacy {Str+2}
   (You found it on level 4 of the Dungeon)

   It affects your strength (+2).
 t - a +0 pair of gloves (worn)
   (You found it on level 5 of the Dungeon)
 E - a +0 animal skin
 O - a +0 hat (worn)
   (You found it on level 7 of the Dungeon)
 R - a +0 kite shield (worn)
   (You took it off a gnoll sergeant on level 6 of the Dungeon)
Jewellery
 n - a ring of ice
   (You found it on level 4 of the Dungeon)
 u - an amulet of faith (around neck) {!P}
   (You found it on level 5 of the Dungeon)
Wands
 L - a wand of acid (7)
   (You took it off a centaur on level 6 of the Dungeon)
 Q - a wand of digging (4)
   (You found it on level 7 of the Dungeon)
 S - a wand of flame (20)
   (You found it on level 8 of the Dungeon)
Scrolls
 g - 8 scrolls of teleportation {@r4}
 k - 7 scrolls of enchant armour
 v - a scroll of fear
 y - 4 scrolls of amnesia
 F - 2 scrolls of identify {@r1}
 G - 3 scrolls of holy word {unknown}
 M - a scroll of silence {unknown}
 W - a scroll of enchant weapon {unknown}
Potions
 b - a potion of brilliance {unknown}
 c - a potion of invisibility {unknown}
 d - 3 potions of berserk rage {!q}
 f - 10 potions of curing {@q1}
 m - a potion of might
 q - 3 potions of magic
 r - a potion of lignification {!q}
 x - 4 potions of heal wounds {@q2}
 z - 2 potions of mutation {!q}
 A - 4 potions of flight
 B - 2 potions of attraction {unknown}
 I - a potion of haste {unknown}

Dungeon Overview and Level Annotations

Branches:
Dungeon (9/15)             Temple (0/1) D:4         Ossuary (visited)
   Lair: D:8-11         Orc: D:9-12

Altars:
Cheibriados
Fedhas
Hepliaklqana
Kikubaaqudgha
Makhleb
Qazlal
Ru
Uskayaw
Vehumet
Yredelemnul
Zin
The Shining One

Annotations:
D:9 Erolcha

§......##.........#
######
§..≈...##.........#
≈≈≈≈..##.........#
≈≈§§.##.........#
###.####### #.# #.##
#.# #)[# #.#
###)######## #.#
#...@).....########'#
#)..){.....##.....)..
#..........#.........
.....................
##..........##........
####.##############'#
#. #.#


There were no monsters in sight!


Message History

Reactivating autopickup.
You feel a bit more experienced.
k - 7 scrolls of enchant armour (gained 2)
You now have 641 gold pieces (gained 18).
Things that are here:
a +0 dagger {short}; a +0 robe 😎 HP[+1]
Your hp is fully restored (71).
Your pack is full.
Items here: ! )) [[ †.
Your pack is full.
Items here: ! )) [[ †.
Could not pick up some items here; shall I ignore them?
Okay, then.
Unknown command.
Drop what? 52/52 slots (_ for help) (? for menu, Esc to quit)
You drop a +0 hunting sling {sling}.
You drop a +1 whip of holy wrath {mace}.
You drop a +0 dagger of protection {short}.
You drop a +0 rapier {short}.
You drop a +0 dagger {short}.
You drop a +0 dagger of venom {short}.
You drop a +0 dagger of chaos {short}.
You drop a +0 shortbow {bow}.
You drop a +0 vorpal short sword {short}.
You drop a +1 falchion of freezing {long}.
You drop a +2 spear of freezing {polearm}.
You drop a +3 spear {polearm}.
b - a pink potion;
h - a +2 hand axe of freezing {axe}
Items here: ))))))))))))) [[ †.
Unknown command.
You see here a +0 short sword {short}.
You open the door.
There is an open door here.
There is an open door here.
You now have 650 gold pieces (gained 9).
You now have 665 gold pieces (gained 15).
Erolcha the Cunning comes into view.
She is wielding a +2 spectral giant club.
Erolcha casts a spell at herself.
Erolcha flickers and vanishes!
Deactivating autopickup; reactivate with Ctrl-A.
There is an open door here.
You see here a +0 short sword {short}.
Erolcha appears from thin air!
Reactivating autopickup.
Things that are here:
a +0 club {mace}; a +0 leather armour
Things that are here:
a +2 robe of positive energy; the human corpse of Psyche {!w} A red film seems to cover your vision as you go berserk!
You feel yourself moving faster!
You feel mighty!
Erolcha casts a spell at herself.
Erolcha flickers and vanishes!
Deactivating autopickup; reactivate with Ctrl-A. 😎 HP[+35]
You now have 106 max hp (+35).
Your hp is fully restored (106).
You feel a strong urge to attack something.
Things that are here:
a +2 robe of positive energy; the human corpse of Psyche {!w} You hear some strange, mumbled words.
Things that are here:
a +0 club {mace}; a +0 leather armour You feel your anger nearly subside.
You are no longer berserk.
You are exhausted.
You feel yourself slow down. 😎 HP[-35]
You now have 71 max hp (-35).
You hear some strange, mumbled words.
A fireball appears from out of thin air!
The fireball explodes!
The fireball engulfs you!
Things that are here:
a +0 club {mace}; a +0 leather armour; 😕 HP[-13]
You take 13 damage, and now have 58/71 hp.
You puncture something! Something hits you but does no damage.
You closely miss something. Something hits you! 😮 HP[-10]
You take 10 damage, and now have 48/71 hp.
You puncture something! Something hits you. 😮 HP[-5]
You take 5 damage, and now have 43/71 hp.
Your Maxwell's patent armour prevents you from hitting something.
Something hits you!
* * * LOW HITPOINT WARNING * * *
Something hits you!
* * * LOW HITPOINT WARNING * * *
😨 HP[-25]
You take 25 damage, and now have 18/71 hp.
MASSIVE DAMAGE!! (PAUSE)
You miss something. Something hits you but does no damage.
You hit something.
You hear some strange, mumbled words.
Something tries to affect you, but you resist. 😨 HP[+1]
You hit something. Something hits you!
* * * LOW HITPOINT WARNING * * *
Something hits you but does no damage. 😱 HP[-11]
You take 11 damage, and now have 8/71 hp.
You barely miss something. Something hits you!
You die...

Skill      XL: |  1  2  3  4  5  6  7  8  9 10 |
---------------+-------------------------------+-----
Stealth        | 3 4 5 6 7 |  7.1
Fighting       | 4 5 6 7 9 |  9.2
Short Blades   | 5 6 8 9 10 | 10.9
Dodging        | 3 4 6 7 8 |  8.0
Armour         | 2 3 5 |  5.6
Shields        | 2 |  2.6

Action                   |  1- 3 |  4- 6 |  7- 9 | 10-12 || total
-------------------------+-------+-------+-------+-------++-------
Melee: Short sword       |    40 |    97 |   462 |   303 ||   902
       Whip              |       |       |    10 |       ||    10
 Fire: Shortbow          |       |       |     9 |     3 ||    12
       Hunting sling     |       |       |       |     2 ||     2
Throw: Dart              |       |       |       |     2 ||     2
Invok: Berserk           |     1 |     5 |    14 |     8 ||    28
  Use: Scroll            |       |       |    18 |       ||    18
 Stab: Sleeping          |     6 |    15 |    26 |       ||    47
       Distracted        |       |       |     1 |       ||     1
Armor: Animal skin       |     3 |     7 |     4 |       ||    14
       Robe              |       |       |    14 |       ||    14
       Plate armour      |       |       |   159 |   154 ||   313
Dodge: Dodged            |    18 |    43 |   183 |    84 ||   328
Block: Kite shield       |       |       |       |    85 ||    85

Levels and vault maps discovered:
D:1:      lightli_arrival_noodles, layout_basic,
          hellmonk_ecumenical_altar_crossroads, hangedman_decor_clover_reticule,
          kennysheep_doodads
D:2:      layout_basic, uniq_sigmund, uniq_terence
D:3:      layout_rooms, chequers_temple_overflow_minitemple,
          chequers_serial_rivers_large_a
D:4:      minmay_octagon_keep, layout_cave_pools,
          nicolae_overflow_crystal_walls, minmay_temple_entry_stoned_glass
D:5:      layout_loops_ring, tso_altar, kennysheep_mini_moat,
          minmay_misc_feat_enclosed, uniq_duvessa
D:6:      kennysheep_housing_project, layout_basic,
          nicolae_ossuary_entry_false_entrances, hex_intersection,
          minmay_small_thing
D:7:      layout_basic, nicolae_uskayaw_dance_hall, nicolae_vehumet_altar_sigil,
          yredelemnul_forgotten_temple_becter, nicolae_water_bricks
D:8:      layout_basic, minitemple
D:9:      layout_roguey, overflow_temple_1_default, lemuel_old_faithful,
          uniq_psyche, uniq_erolcha, uniq_joseph

Notes
Turn   | Place    | Note
-------+----------+-------------------------------------------
     0 | D:1      | Sobieck the Kobold Berserker began the quest for the Orb.
     0 | D:1      | Reached XP level 1. HP: 14/14 MP: 1/1
     0 | D:1      | magus.rc [v1.9.6]
   122 | D:1      | Found a faded altar of an unknown god.
   510 | D:1      | Reached XP level 2. HP: 19/19 MP: 2/2
   654 | D:1      | Reached skill level 1 in Stealth
  1268 | D:2      | Noticed Sigmund
  1276 | D:2      | Killed Sigmund
  1277 | D:2      | Reached skill level 4 in Fighting
  1277 | D:2      | Reached skill level 5 in Short Blades
  1277 | D:2      | Reached skill level 3 in Dodging
  1277 | D:2      | Reached skill level 3 in Stealth
  1277 | D:2      | Reached XP level 3. HP: 24/24 MP: 3/3
  1277 | D:2      | Reached XP level 4. HP: 29/29 MP: 4/4
  1277 | D:2      | Reached XP level 5. HP: 33/33 MP: 5/5
  1374 | D:2      | Reached skill level 6 in Short Blades
  1474 | D:2      | Reached ** piety under Trog
  1533 | D:2      | Reached XP level 6. HP: 38/38 MP: 6/6
  1961 | D:2      | Noticed a black bear
  1966 | D:2      | Noticed Terence
  1969 | D:2      | Killed a black bear
  1970 | D:2      | Reached skill level 4 in Dodging
  1988 | D:2      | Killed Terence
  2876 | D:3      | Found a hazy altar of Hepliaklqana.
  2882 | D:3      | Found a blossoming altar of Fedhas.
  2884 | D:3      | Found a faded altar of an unknown god.
  2885 | D:3      | Found a glowing silver altar of Zin.
  2891 | D:3      | Found a burning altar of Makhleb.
  2949 | D:3      | Reached skill level 4 in Stealth
  2949 | D:3      | Reached XP level 7. HP: 20/44 MP: 7/7
  3184 | D:3      | You pick up a book of Maledictions {forbidden} and begin
                  | reading...
  3184 | D:3      | You add the spells Corona, Ensorcelled Hibernation,
                  | Confusing Touch, Tukima's Dance and Dazzling Flash to your
                  | library.
  3351 | D:3      | Reached skill level 7 in Short Blades
  3470 | D:3      | Reached *** piety under Trog
  3678 | D:5      | Entered Level 5 of the Dungeon
  3684 | D:4      | Found a staircase to the Ecumenical Temple.
  4067 | D:4      | You pick up a book of Cantrips {forbidden} and begin
                  | reading...
  4067 | D:4      | You add the spells Animate Skeleton, Summon Small Mammal
                  | and Apportation to your library.
  4352 | D:4      | Found a snail-covered altar of Cheibriados.
  4549 | D:4      | Identified the +2 robe of Gozag's Supremacy {Str+2}
  4591 | D:4      | You pick up a book of Burglary {forbidden} and begin
                  | reading...
  4591 | D:4      | You add the spells Passwall, Swiftness, Passage of
                  | Golubria, Lee's Rapid Deconstruction and Invisibility to
                  | your library.
  4792 | D:5      | Reached skill level 5 in Fighting
  5166 | D:5      | Reached skill level 5 in Stealth
  5171 | D:5      | Reached skill level 8 in Short Blades
  5171 | D:5      | Reached XP level 8. HP: 49/49 MP: 8/8
  5362 | D:5      | Reached skill level 5 in Dodging
  5432 | D:6      | Found a sand-covered staircase.
  5437 | Ossuary  | Entered an ossuary
  5710 | Ossuary  | Reached **** piety under Trog
  6081 | Ossuary  | Noticed Menkaure
  6348 | Ossuary  | Killed Menkaure
  6349 | Ossuary  | Reached skill level 9 in Short Blades
  6349 | Ossuary  | Reached skill level 6 in Stealth
  6498 | Ossuary  | Identified a scroll of acquirement
  6498 | Ossuary  | Acquired the +15 Maxwell's patent armour {-Cast -Tele rElec
                  | Will+ rCorr}
  6499 | Ossuary  | Found the +15 Maxwell's patent armour {-Cast -Tele rElec
                  | Will+ rCorr}
  7230 | D:5      | Noticed Duvessa
  7230 | D:5      | Noticed Dowan
  7235 | D:5      | Killed Duvessa
  7236 | D:5      | Reached skill level 6 in Fighting
  7236 | D:5      | Reached skill level 2 in Armour
  7236 | D:5      | Reached skill level 6 in Dodging
  7236 | D:5      | Reached XP level 9. HP: 55/55 MP: 9/9
  7237 | D:5      | Killed Dowan
  7263 | D:5      | Found an ancient bone altar of Kikubaaqudgha.
  7527 | D:5      | Reached skill level 7 in Stealth
  7558 | D:5      | Reached ***** piety under Trog
  7559 | D:5      | Reached skill level 10 in Short Blades
  7725 | D:5      | Found a glowing golden altar of the Shining One.
  7884 | D:6      | You pick up a book of Misfortune {forbidden} and begin
                  | reading...
  7884 | D:6      | You add the spells Gell's Gravitas, Petrify, Metabolic
                  | Englaciation and Yara's Violent Unravelling to your
                  | library.
  7889 | D:6      | You pick up a book of Callings {forbidden} and begin
                  | reading...
  7889 | D:6      | You add the spells Call Imp, Call Canine Familiar, Summon
                  | Guardian Golem, Summon Lightning Spire and Summon Ice Beast
                  | to your library.
  8083 | D:6      | Reached skill level 3 in Armour
  8098 | D:6      | Reached skill level 7 in Fighting
  8098 | D:6      | Reached skill level 7 in Dodging
  8598 | D:6      | Reached XP level 10. HP: 34/63 MP: 10/10
  8871 | D:6      | Reached skill level 4 in Armour
  8941 | D:6      | You pick up a book of Minor Magic {forbidden} and begin
                  | reading...
  8941 | D:6      | You add the spells Magic Dart, Blink, Slow, Conjure Flame
                  | and Mephitic Cloud to your library.
  9348 | D:7      | Found a radiant altar of Vehumet.
  9488 | D:7      | Found a hide-covered altar of Uskayaw.
  9516 | D:7      | Reached skill level 8 in Dodging
  9628 | D:7      | Reached skill level 8 in Fighting
  9680 | D:7      | Received a gift from Trog
 10262 | D:7      | Found a basalt altar of Yredelemnul.
 11050 | D:8      | Reached skill level 1 in Shields
 11344 | D:8      | Noticed a two-headed ogre
 11356 | D:8      | Killed a two-headed ogre
 11357 | D:8      | Reached skill level 5 in Armour
 11514 | D:8      | Reached skill level 2 in Shields
 11774 | D:8      | Reached skill level 9 in Fighting
 12257 | D:8      | Found a stormy altar of Qazlal.
 12270 | D:8      | Found a sacrificial altar of Ru.
 12387 | D:9      | Noticed Joseph
 12408 | D:9      | Killed Joseph
 12478 | D:9      | Noticed Psyche
 12488 | D:9      | Killed Psyche
 12550 | D:9      | Reached XP level 11. HP: 70/71 MP: 11/11
 12605 | D:9      | Noticed Erolcha
 12652 | D:9      | HP: 8/71 [something (11)]
 12653 | D:9      | Slain by Erolcha

Vanquished Creatures
  A two-headed ogre (D:8)
  Joseph (D:9)
  Psyche (D:9)
  A shadow (D:6)
  Sigmund (D:2)
  Menkaure (Ossuary)
  Duvessa (D:5)
  2 water moccasins
  2 orc warriors (D:6)
  An ice beast (D:6)
  A black bear (D:2)
  2 sky beasts
  5 centaurs
  2 ogres
  2 phantoms
  2 kobold brigands (D:6)
  4 bullfrogs
  3 gnoll sergeants
  Dowan (D:5)
  A wyvern zombie (D:7)
  2 scorpions (D:5)
  3 howler monkeys
  3 wights (D:8)
  2 centaur zombies (Ossuary)
  A bullfrog zombie (D:5)
  4 gnoll shamans
  2 orc priests
  2 centaur skeletons
  5 hounds
  Terence (D:2)
  4 iguanas
  3 orc wizards
  3 ogre zombies (Ossuary)
  6 mummies (Ossuary)
  24 gnolls
  5 adders
  A shadow imp (D:7)
  A white imp (D:6)
  An ufetubus (D:6)
  3 adder zombies (Ossuary)
  2 dart slugs (D:4)
  15 orcs
  5 ball pythons
  6 endoplasms
  2 giant cockroaches
  10 goblins
  15 hobgoblins
  4 quokkas
  4 bats
  4 frilled lizards
  2 gnoll zombies (Ossuary)
  4 goblin zombies (Ossuary)
  4 hobgoblin zombies (Ossuary)
  14 kobolds
  4 kobold zombies (Ossuary)
  4 quokka zombies (Ossuary)
  2 rats
  4 rat zombies (Ossuary)
  A spectral orc (D:7)
217 creatures vanquished.

Table legend:
 A = Non-vault XP
 B = Vault XP
 C = Vault XP percentage of total XP
 D = Non-vault monster count
 E = Vault monster count
 F = Vault count percentage of total count
                 A         B        C        D         E       F
            +---------+---------+-------+---------+---------+-------
      Total |    4596 |    3225 |  41.2 |     132 |      85 |  39.2
            +---------+---------+-------+---------+---------+-------
        D:1 |      21 |       0 |   0.0 |      14 |       0 |   0.0
        D:2 |     178 |     267 |  60.0 |      21 |       2 |   8.7
        D:3 |     131 |       0 |   0.0 |      24 |       0 |   0.0
        D:4 |     131 |     131 |  50.0 |      15 |       9 |  37.5
        D:5 |     831 |     239 |  22.3 |      12 |       2 |  14.3
        D:6 |     629 |    1308 |  67.5 |      12 |      32 |  72.7
        D:7 |     612 |       1 |   0.2 |       7 |       1 |  12.5
        D:8 |    1841 |       0 |   0.0 |      16 |       0 |   0.0
        D:9 |     222 |     792 |  78.1 |      11 |       2 |  15.4
    Ossuary |       0 |     487 | 100.0 |       0 |      37 | 100.0
            +---------+---------+-------+---------+---------+-------

Illustrated notes

Table legend:
 A = Kills in this place as a percentage of kills in entire the game.
 B = Kills by you in this place as a percentage of kills by you in the entire game.
 C = Kills by friends in this place as a percentage of kills by friends in the entire game.
 D = Other kills in this place as a percentage of other kills in the entire game.
 E = Experience gained in this place as a percentage of experience gained in the entire game.
 F = Experience gained in this place divided by the number of levels of this place that you have seen.
                   A       B       C       D       E      F
               +-------+-------+-------+-------+-------+----------------------
         Total | 100.0 | 100.0 |   N/A |   N/A | 100.0 | 782.1
       Dungeon |  82.9 |  82.9 |   N/A |   N/A |  93.8 | 814.9
       Ossuary |  17.1 |  17.1 |   N/A |   N/A |   6.2 | 487.0
               +-------+-------+-------+-------+-------+----------------------

Table legend: (Time is in decaauts)
 A = Elapsed time spent in this place.
 B = Non-inter-level travel time spent in this place.
 C = Inter-level travel time spent in this place.
 D = Time resting spent in this place.
 E = Time spent auto-exploring this place.
 F = Levels seen in this place.
 G = Mean time per level.
                   A        B        C        D        E       F      G
               +--------+--------+--------+--------+--------+-----+--------+
         Total |  12690 |  12034 |    656 |   3427 |   6620 |  10 | 1269.0 |
       Dungeon |  11605 |  10949 |    656 |   2850 |   6615 |   9 | 1289.4 |
       Ossuary |   1085 |   1085 |      0 |    577 |      5 |   1 | 1085.0 |
               +--------+--------+--------+--------+--------+-----+--------+

Top non-repeatable levels by time:
     D:6: 1902 daAuts
     D:8: 1682 daAuts
     D:5: 1391 daAuts
     D:3: 1352 daAuts
     D:4: 1336 daAuts
     D:1: 1250 daAuts
     D:2: 1172 daAuts
     D:7: 1149 daAuts
 Ossuary: 1085 daAuts
     D:9: 368 daAuts
